 Dungeon Crawl Stone Soup version 0.30-a0-1082-g70414cbcbb (webtiles) character file.

Game seed: 17746575176096683524

349 funkygono the Chopper (level 6, -5/55 HPs)
             Began as a Minotaur Fighter on Apr 16, 2023.
             Slain by Edmund
             ... wielding a +2 flail of protection
              (9 damage)
             ... on level 5 of the Dungeon.
             The game lasted 00:06:26 (3953 turns).

funkygono the Chopper (Minotaur Fighter)            Turns: 3953, Time: 00:06:27

Health: -5/55      AC:  7    Str: 22    XL:     6   Next: 33%
Magic:  5/5        EV:  8    Int:  5    God:
Gold:   231        SH:  8    Dex: 10    Spells: 5/5 levels left

rFire   . . .      SeeInvis .    a - +0 war axe
rCold   . . .      Faith    .    x - +0 kite shield
rNeg    . . .      Spirit   .    b - +0 scale mail
rPois   .          Reflect  .    (helmet restricted)
rElec   .          Rampage  .    (no cloak)
rCorr   .                        (no gloves)
Will    .....                    (no boots) Stlth
                                 (no amulet)
HPRegen 0.29/turn                (no ring)
MPRegen 0.09/turn                (no ring)

@: mighty
A: horns 2, retaliatory headbutt
a: no special abilities


You were on level 5 of the Dungeon.
You visited 2 branches of the dungeon, and saw 6 of its levels.

You collected 231 gold pieces.

Inventory:

Hand Weapons
 a - a +0 war axe (weapon)
Missiles
 o - 4 curare-tipped darts (quivered)
 v - 5 poisoned darts
Armour
 b - a +0 scale mail (worn)
 x - a +0 kite shield (worn)
Jewellery
 l - a ring of fire
 z - an amulet of magic regeneration
Scrolls
 c - a scroll of fear {unknown}
 f - 5 scrolls of identify {unknown}
 g - a scroll of magic mapping {unknown}
 i - 2 scrolls of torment {unknown}
 k - 3 scrolls of fog {unknown}
 m - 3 scrolls of teleportation {unknown}
 n - a scroll of acquirement {unknown}
 q - a scroll of enchant armour {unknown}
 r - 3 scrolls of vulnerability {unknown}
 s - a scroll of amnesia {unknown}
 w - 2 scrolls of blinking {unknown}
 y - a scroll of silence {unknown}
Potions
 e - 3 potions of heal wounds {unknown}
 h - a potion of attraction {unknown}
 j - a potion of lignification {unknown}
 p - a potion of berserk rage {unknown}
 t - a potion of invisibility {unknown}
 u - 2 potions of magic {unknown}


   Skills:
 + Level 4.9 Fighting
 + Level 5.8 Axes
 + Level 5.1 Armour
 + Level 0.7 Dodging
 + Level 0.2 Stealth
 + Level 4.3 Shields


You had 5 spell levels left.
You didn't know any spells.
Your spell library contained the following spells:

 Spells                   Type           Power      Damage    Failure   Level
 Sting                    Tmut/Pois      0%         1d3       98%         1
 Blink                    Tloc           0%         N/A       99%         2
 Lesser Beckoning         Tloc           0%         N/A       99%         2
 Momentum Strike          Conj/Tloc      0%         3d8       99%         2
 Poisonous Vapours        Pois/Air       0%         N/A       99%         2
 Olgreb's Toxic Radiance  Pois           0%         N/A       100%        4


Dungeon Overview and Level Annotations

Branches:
Dungeon (5/15)             Temple (1/1) D:4

Altars:
Ashenzari
Cheibriados
Dithmenos
Elyvilon
Fedhas
Gozag
Hepliaklqana
Kikubaaqudgha
Makhleb
Qazlal
Ru
Trog
Uskayaw
Vehumet
Wu Jian
Xom
Zin
The Shining One

Annotations:
D:5 Edmund


Innate Abilities, Weirdness & Mutations

You have a pair of horns on your head.
You reflexively headbutt those who attack you in melee.


Message History

There is an entrance to an ossuary on this level.
Hurry and find it before the portal is buried!
There is a stone staircase leading up here.
You start waiting.
You hear the slow hiss of an avalanche of sand very nearby.
Edmund the Younger comes into view.
He is wielding a +2 flail of protection and wearing a +0 chain mail of cold resistance.
Edmund shouts!
Edmund is nearby!
You feel very mighty all of a sudden.
An adder comes into view. x2
The adder hisses angrily. x2
You block Edmund's attack.
You hit Edmund but do no damage.
Edmund hits you with a +2 flail of protection!
You slash Edmund!
Edmund is moderately wounded.
You closely miss the adder. The adder bites you.
You are poisoned.
The adder poisons you!
Edmund hits you with a +2 flail of protection.
You block the adder's attack.
You feel sick.
You slice the adder!!
You kill the adder!
You feel sick.
Edmund hits you with a +2 flail of protection!
You hit Edmund.
Edmund is moderately wounded.
You feel sick. You block Edmund's attack.
You slash Edmund!
Edmund is severely wounded.
You feel sick.
Edmund hits you with a +2 flail of protection!
You hit Edmund but do no damage. Your headbutt misses Edmund.
Edmund is severely wounded.
You feel sick.
You are no longer poisoned.
Edmund hits you with a +2 flail of protection!
* * * LOW HITPOINT WARNING * * *
Edmund hits you with a +2 flail of protection!
You die...

.#.#..# ##.
.#.#..# ..
....... ...
......# ###..
..... . .... S..
... #
#.###.#..#..
#.#.##..@@S......
........#####+###
....##...#
#.#.#.####.#..#
#.#.#......##..#
#.#.#.####.# ...#
#.#.#.# #.# ....#
#.#.#.# #.#
#.....
###.....####.#
.##...


You could see Edmund and an adder.

Vanquished Creatures
  An ogre (D:4)
  Natasha (thrice) (D:3)
  8 adders
  4 gnolls
  An ufetubus (D:4)
  4 worms
  A dart slug (D:1)
  7 ball pythons
  3 endoplasms
  2 giant cockroaches
  5 goblins
  6 hobgoblins
  3 jackals (D:4)
  3 quokkas
  5 bats
  A frilled lizard (D:2)
  5 kobolds
  3 rats
65 creatures vanquished.

Notes
Turn   | Place    | Note
-------+----------+-------------------------------------------
     0 | D:1      | funkygono the Minotaur Fighter began the quest for the Orb.
     0 | D:1      | Reached XP level 1. HP: 19/19 MP: 0/0
    84 | D:1      | Reached XP level 2. HP: 22/27 MP: 1/1
   452 | D:1      | Reached XP level 3. HP: 33/33 MP: 2/2
  1214 | D:2      | Reached XP level 4. HP: 34/40 MP: 3/3
  1860 | D:3      | Noticed Natasha
  1865 | D:3      | Killed Natasha
  1941 | D:3      | Found a stormy altar of Qazlal.
  1949 | D:3      | Found a sacrificial altar of Ru.
  1954 | D:3      | Found a broken altar of Ashenzari.
  1965 | D:3      | Found an opulent altar of Gozag.
  1973 | D:3      | Found a bloodstained altar of Trog.
  1978 | D:3      | Found a hide-covered altar of Uskayaw.
  1986 | D:3      | Found a snail-covered altar of Cheibriados.
  2179 | D:3      | Noticed Natasha
  2183 | D:3      | Killed Natasha
  2184 | D:3      | Reached XP level 5. HP: 47/47 MP: 4/4
  2331 | D:3      | Reached skill level 5 in Axes
  2656 | D:3      | Noticed Natasha
  2666 | D:3      | Killed Natasha
  2976 | D:4      | Found a staircase to the Ecumenical Temple.
  2984 | Temple   | Entered the Ecumenical Temple
  3492 | D:4      | Found a hazy altar of Hepliaklqana.
  3591 | D:4      | Noticed an ogre
  3598 | D:4      | Killed an ogre
  3599 | D:4      | Reached skill level 5 in Armour
  3599 | D:4      | Reached XP level 6. HP: 31/55 MP: 5/5
  3880 | D:5      | Entered Level 5 of the Dungeon
  3943 | D:5      | Noticed Edmund
  3953 | D:5      | Slain by Edmund

Illustrated notes

Levels and vault maps discovered:
D:1:      evilmike_arrival_crescent, layout_basic, minmay_statues_item,
          minmay_misc_feat_tower
D:2:      layout_loops_corners, serial_rivers, chequers_serial_rivers_small_a,
          chequers_serial_rivers_large_a, chequers_serial_rivers_small_b,
          chequers_serial_rivers_room_b, chequers_serial_rivers_room_a
D:3:      layout_basic, grunt_temple_overflow_octagram, uniq_natasha
D:4:      layout_gridville, kennysheep_mini_moat, minmay_temple_entry_overgrown,
          serial_co_window_serial, co_window_paths_b, co_window_corner_a,
          co_window_paths_a, co_window_paths_a, co_window_paths_a,
          co_window_broadway_c, co_window_corner_cb, co_window_corner_b,
          co_window_paths_d, co_window_4corner_a, glass_columns_b,
          glass_columns_a, glass_columns_c
D:5:      layout_basic, amcnicky_altar_gilded, gup_ossuary_entry_pyramid,
          uniq_edmund
Temple:   nicolae_temple_two_arcs

Skill      XL: |  1  2  3  4  5 |
---------------+----------------+-----
Shields        | 4 |  4.3
Armour         | 4 5 |  5.1
Fighting       | 4 |  4.9
Axes           | 3 4 5 |  5.8
Dodging        | |  0.7
Stealth        | |  0.2

Action                     |  1- 3 |  4- 6 || total
---------------------------+-------+-------++-------
  Melee: War axe           |    76 |    87 ||   163
         Headbutt          |     7 |    14 ||    21
    Use: Potion            |       |     1 ||     1
 Armour: Scale mail        |    38 |    32 ||    70
  Dodge: Dodged            |    27 |    35 ||    62
  Block: Buckler           |    16 |     4 ||    20
         Kite shield       |       |    31 ||    31

Table legend: (Time is in decaauts)
 A = Elapsed time spent in this place.
 B = Non-inter-level travel time spent in this place.
 C = Inter-level travel time spent in this place.
 D = Time resting spent in this place.
 E = Time spent auto-exploring this place.
 F = Levels seen in this place.
 G = Mean time per level.
                   A        B        C        D        E       F      G
               +--------+--------+--------+--------+--------+-----+--------+
         Total |   4031 |   3909 |    122 |     38 |   3077 |   6 |  671.8 |
       Dungeon |   3911 |   3797 |    114 |     38 |   2971 |   5 |  782.2 |
        Temple |    119 |    112 |      7 |      0 |    106 |   1 |  119.0 |
               +--------+--------+--------+--------+--------+-----+--------+

Top non-repeatable levels by time:
     D:2: 1168 daAuts
     D:4: 1031 daAuts
     D:3: 1031 daAuts
     D:1: 605 daAuts
  Temple: 119 daAuts
     D:5: 74 daAuts
